 Dungeon Crawl Stone Soup version 0.27-a0-1105-g946c659c87 (webtiles) character file.

Game seed: 3264880730785502651

39596 leviel the Peltast (level 13, -4/112 (113) HPs)
             Began as a Minotaur Fighter on Apr 30, 2021.
             Was an Initiate of Gozag.
             Slain by Rupert
             ... wielding a +0 battleaxe of electrocution
              (14 damage)
             ... on level 2 of the Orcish Mines.
             The game lasted 00:33:01 (21440 turns).

leviel the Peltast (Minotaur Fighter)              Turns: 21440, Time: 00:33:02

HP:   -4/112 (113)  AC: 23    Str: 28    XL:     13   Next: 70%
MP:   3/3           EV:  8    Int:  5    God:    Gozag
Gold: 1938          SH: 20    Dex: 12    Spells: 12/12 levels left

rFire    + . .     SeeInvis .   a - +6 falchion of Doom {flame, +Blink rPois rCorr MP-9}
rCold    + + .     Faith    .   i - +1 kite shield {reflect}
rNeg     + . .     Spirit   .   L - +2 plate armour {rC+}
rPois    +         Reflect  +   b - +0 hat {Will+}
rElec    .         Harm     .   d - +2 ratskin cloak {*Rats rPois rN+ Str-1 Int-1 Dex+1}
rCorr    +         Rampage  +   (no gloves)
Will     ++...                  K - +0 pair of boots {rampage}
Stlth    ..........             u - amulet of Xom's Malicious Joy {Reflect Str+3 SH+5 Stlth+}
HPRegen  0.28/turn              C - ring of protection from fire
MPRegen  0.08/turn              j - ring of flight

@: gold aura, flying, lightly drained
A: horns 2, retaliatory headbutt, cold resistance 1, strong-willed 1, strong 1
a: Renounce Religion, Evoke Blink, Potion Petition, Call Merchant, Bribe Branch


You were on level 2 of the Orcish Mines.
You worshipped Gozag.
Gozag was most pleased with you.
You visited 4 branches of the dungeon, and saw 18 of its levels.

You collected 4352 gold pieces.
You spent 1662 gold pieces at shops.
You paid 752 gold pieces to Gozag.

Inventory:

Hand Weapons
 a - the +6 falchion of Doom (weapon) {flame, +Blink rPois rCorr MP-9}
   (You took it off an orc on level 6 of the Dungeon)

   It has been specially enchanted to burn those struck by it, causing extra
   injury to most foes and up to half again as much damage against particularly
   susceptible opponents.
   Big, fiery blades are also staple armaments of hydra-hunters.
   It protects you from poison.
   It affects your magic capacity (-9).
   It lets you blink.
   It protects you from acid and corrosion.
Missiles
 r - 8 curare-tipped darts (quivered)
Armour
 b - a +0 hat of willpower (worn)
 d - the +2 ratskin cloak (worn) {*Rats rPois rN+ Str-1 Int-1 Dex+1}
   (You acquired it on level 5 of the Dungeon)

   It affects your strength (-1).
   It affects your intelligence (-1).
   It affects your dexterity (+1).
   It protects you from poison.
   It protects you from negative energy.
 i - a +1 kite shield of reflection (worn)
 K - a +0 pair of boots of rampaging (worn)
 L - a +2 plate armour of cold resistance (worn)
Jewellery
 c - a ring of fire
 j - a ring of flight (right hand)
 u - the amulet of Xom's Malicious Joy (around neck) {Reflect Str+3 SH+5 Stlth+}
   (You acquired it on level 4 of the Lair of Beasts)

   [amulet of reflection]

   It reflects blocked missile attacks.
   It affects your strength (+3).
   It affects your SH (+5).
   It makes you more stealthy.
 y - a ring of magical power
 C - a ring of protection from fire (left hand)
 G - a ring of protection from cold
 I - a ring of ice
Wands
 k - a wand of iceblast (18)
 o - a wand of flame (38)
 s - a wand of digging (11)
 v - a wand of paralysis (25)
 F - a wand of polymorph (14)
Scrolls
 e - 9 scrolls of identify
 f - 3 scrolls of amnesia
 g - a scroll of acquirement
 n - 4 scrolls of fear
 w - 5 scrolls of teleportation
 z - a scroll of silence {unknown}
 E - 3 scrolls of enchant weapon
Potions
 h - 5 potions of invisibility
 l - 4 potions of curing
 m - a potion of resistance
 p - 3 potions of brilliance
 q - 3 potions of heal wounds
 t - 5 potions of might
 A - a potion of magic {unknown}
 B - a potion of haste
 D - a potion of lignification {unknown}
 J - a potion of flight {unknown}
 M - 3 potions of ambrosia
 N - a potion of berserk rage
Miscellaneous
 x - a phial of floods
 H - a lightning rod (4/4)


   Skills:
 - Level 10.0 Fighting
 + Level 12.3 Long Blades
 - Level 10.1 Axes
 - Level 13.9 Armour
 - Level 15.0 Shields
 - Level 6.0 Evocations


You had 12 spell levels left.
You didn't know any spells.
Your spell library contained the following spells:

 Spells                   Type           Power      Damage    Failure   Level
 Magic Dart               Conj           0%         1d3       98%         1
 Summon Small Mammal      Summ           0%         N/A       98%         1
 Call Imp                 Summ           0%         N/A       99%         2
 Searing Ray              Conj           0%         3d3       99%         2
 Call Canine Familiar     Summ           0%         N/A       100%        3
 Confusing Touch          Hex            0%         N/A       100%        3
 Dazzling Flash           Conj/Hex       0%         N/A       100%        3
 Gell's Gravitas          Tloc           0%         N/A       100%        3
 Summon Guardian Golem    Hex/Summ       0%         N/A       100%        3
 Fulminant Prism          Conj/Hex       0%         3d6       100%        4
 Iskenderun's Mystic Bla  Conj/Tloc      0%         2d3       100%        4
 Petrify                  Tmut/Erth      0%         N/A       100%        4
 Summon Ice Beast         Ice/Summ       0%         N/A       100%        4
 Summon Lightning Spire   Summ/Air       0%         N/A       100%        4
 Metabolic Englaciation   Hex/Ice        0%         N/A       100%        5
 Yara's Violent Unravell  Hex/Tmut       0%         3d3       100%        5


Dungeon Overview and Level Annotations

Branches:
Dungeon (11/15)            Temple (1/1) D:4            Lair (4/6) D:9
 Shoals (0/4) Lair:4       Spider (0/4) Lair:2          Orc (2/2) D:11
    Elf (0/3) Orc:2

Altars:
Ashenzari
Cheibriados
Dithmenos
Elyvilon
Fedhas
Gozag
Hepliaklqana
Kikubaaqudgha
Makhleb
Nemelex Xobeh
Okawaru
Qazlal
Ru
Sif Muna
Trog
Uskayaw
Vehumet
Wu Jian
Xom
Yredelemnul
Zin
The Shining One
Beogh

Shops:
D:1 :   D:3 !   D:11 !   Orc:1 (   Lair:4 [

Annotations:
D:10 1 runed translucent door
Orc:1 1 runed translucent door, Papr's ghost, journeyman PaFi
Orc:2 Rupert


Innate Abilities, Weirdness & Mutations

You have a pair of horns on your head.
You reflexively headbutt those who attack you in melee.
Your flesh is cold resistant. (rC+)
You are strong-willed. (Will+)
Your muscles are strong. (Str +2)


Message History

Rupert becomes distracted by the nearby gold, dreaming of imaginary riches.
Rupert shouts!
You slash Rupert! You burn Rupert.
Rupert is no longer distracted by gold.
Rupert is severely wounded.
You hear a shout! x2
Rupert hits you but does no damage.
An orc comes into view. It is wielding a +0 club.
The boulder beetle becomes distracted by the nearby gold, dreaming of imaginary riches.
Unknown command.
You slash Rupert! You burn Rupert. You headbutt Rupert.
Rupert is severely wounded.
Rupert hits you but does no damage.
You are electrocuted!
An orc comes into view. It is wielding a +0 morningstar.
Your plate armour prevents you from hitting Rupert.
You headbutt Rupert, but do no damage.
Rupert is severely wounded.
Rupert hits you with a +0 battleaxe of electrocution!!
You hear a shout! x4
Your plate armour prevents you from hitting Rupert.
Rupert is severely wounded.
The boulder beetle is no longer distracted by gold.
Rupert misses you.
You riposte.
You hit Rupert. You burn Rupert. Your headbutt misses Rupert.
Rupert is severely wounded.
An orc comes into view. It is wielding a +0 hand axe.
The orc throws a boomerang.
You reflect the boomerang off your +1 kite shield of reflection!
The boomerang barely misses the orc.
You block the boulder beetle's attack.
The boulder beetle becomes distracted by the nearby gold, dreaming of imaginary riches.
Rupert barely misses you.
You hear a shout!
You block the ogre's attack.
You hear a shout! x2
Rupert hits you with a +0 battleaxe of electrocution.
There is a stone staircase leading up here.
Rupert hits you with a +0 battleaxe of electrocution!!
* * * LOW HITPOINT WARNING * * *
You are electrocuted!
You die...
Your body crumbles into a pile of gold.

.#...(.#..## ....
...(#.#$.... #..#
..#.....#..##...
$...........#..###
............$...#
........#$.B..#
.........#.$.#
........O....#..
...#..@@.......#
..............$.#
....#....$.o..o...
.#...#............
............o....
....##..........#.
>.. $..........#
... ............ $


You could see Rupert (berserk), a boulder beetle, an ogre and 3 orcs.

Vanquished Creatures
  Gastronok (D:8)
  A stone giant (D:11)
  3 hydras
  Harold (D:7)
  Erica (Lair:2)
  A two-headed ogre (D:10)
  Sonja (D:11)
  An orb spider (Lair:2)
  A cyclops (D:11)
  6 black mambas
  6 elephants
  7 cane toads
  A torpor snail (Lair:2)
  A gargoyle (D:11)
  An unseen horror (D:11)
  A kobold demonologist (D:11)
  4 rime drakes
  7 komodo dragons
  A polar bear (Lair:2)
  2 trolls
  7 blink frogs (Lair:1)
  A snapping turtle (Lair:4)
  4 slime creatures (D:7)
  3 wyverns
  A shadow (D:11)
  4 basilisks
  A water elemental (D:11)
  59 yaks
  A steam dragon (D:8)
  Menkaure (D:5)
  9 water moccasins
  10 orc warriors
  2 black bears
  2 ice beasts
  A necrophage (D:8)
  2 sky beasts
  3 ogres
  10 wolves
  3 centaurs
  2 phantoms
  A lemure (D:8)
  2 kobold brigands
  12 bullfrogs
  A wyvern zombie (D:7)
  2 gnoll sergeants (D:9)
  5 scorpions
  A killer bee (D:8)
  A wight (D:8)
  8 electric eels
  2 howler monkeys
  A crimson imp (D:8)
  A jelly (D:4)
  A bullfrog zombie (D:5)
  2 centaur zombies
  4 hounds
  8 orc priests
  2 bullfrog skeletons
  2 centaur skeletons
  4 iguanas
  Natasha (thrice) (D:2)
  14 orc wizards
  A killer bee zombie (D:7)
  8 gnolls
  2 howler monkey skeletons
  2 adders
  2 ufetubi (D:6)
  3 worms (D:2)
  2 dart slugs
  62 orcs
  5 ball pythons
  5 endoplasms
  4 giant cockroaches
  6 goblins
  4 hobgoblins
  5 jackals (D:1)
  2 quokkas
  6 bats
  24 kobolds
  A rat (D:2)
395 creatures vanquished.

Vanquished Creatures (collateral kills)
  Pikel (D:8)
  A cane toad (Lair:1)
  A komodo dragon (Lair:3)
  6 yaks
  A water moccasin (Lair:1)
  An orc warrior (D:6)
  An orc (D:6)
12 creatures vanquished.

Vanquished Creatures (others)
  16 fungi
  18 plants
34 creatures vanquished.

Grand Total: 441 creatures vanquished

Notes
Turn   | Place    | Note
-------+----------+-------------------------------------------
     0 | D:1      | leviel the Minotaur Fighter began the quest for the Orb.
     0 | D:1      | Reached XP level 1. HP: 19/19 MP: 0/0
    59 | D:1      | Found Sustrefi's Book Boutique.
    79 | D:1      | Reached XP level 2. HP: 27/27 MP: 1/1
   287 | D:1      | Reached skill level 4 in Shields
   506 | D:1      | Reached XP level 3. HP: 33/33 MP: 2/2
   823 | D:2      | Reached skill level 5 in Fighting
  1112 | D:2      | Noticed Natasha
  1116 | D:2      | Reached XP level 4. HP: 36/42 MP: 3/3
  1119 | D:2      | Killed Natasha
  1185 | D:2      | Found a faded altar of an unknown god.
  1247 | D:2      | Noticed Natasha
  1253 | D:2      | Killed Natasha
  1378 | D:2      | Noticed Natasha
  1390 | D:2      | Killed Natasha
  1391 | D:2      | Reached XP level 5. HP: 18/51 MP: 4/4
  1932 | D:3      | Found Nodew's Distillery.
  1944 | D:3      | Bought a potion of heal wounds for 55 gold pieces
  2192 | D:3      | Found a white marble altar of Elyvilon.
  2193 | D:3      | Found an ancient bone altar of Kikubaaqudgha.
  2193 | D:3      | Found a hazy altar of Hepliaklqana.
  2193 | D:3      | Found a blossoming altar of Fedhas.
  2369 | D:4      | Found a staircase to the Ecumenical Temple.
  2402 | D:4      | You fall into a shaft and drop 1 floor!
  2402 | D:5      | Entered Level 5 of the Dungeon
  2451 | D:5      | Noticed an ice beast
  2464 | D:5      | Killed an ice beast
  2465 | D:5      | Reached XP level 6. HP: 41/61 MP: 5/5
  2604 | D:5      | Noticed a water moccasin
  2607 | D:5      | Gained mutation: Your flesh is cold resistant. (rC+)
                  | [potion of mutation]
  2607 | D:5      | Gained mutation: You are strong-willed. (Will+) [potion of
                  | mutation]
  2607 | D:5      | Gained mutation: Your muscles are strong. (Str +2) [potion
                  | of mutation]
  2611 | D:5      | Killed a water moccasin
  2977 | D:5      | Reached XP level 7. HP: 40/70 MP: 6/6
  3149 | D:5      | Found an ornate altar of the Wu Jian Council.
  3152 | D:5      | Noticed Menkaure
  3162 | D:5      | Identified a scroll of acquirement
  3162 | D:5      | Acquired the +2 ratskin cloak {*Rats rPois rN+ Str-1 Int-1
                  | Dex+1}
  3163 | D:5      | Found the +2 ratskin cloak {*Rats rPois rN+ Str-1 Int-1
                  | Dex+1}
  3479 | D:4      | Reached skill level 10 in Fighting
  4033 | D:4      | Reached skill level 5 in Axes
  4109 | D:4      | Found a basalt altar of Yredelemnul.
  4426 | Temple   | Entered the Ecumenical Temple
  4689 | Temple   | Became a worshipper of Gozag Ym Sagoz the Greedy
  4729 | D:5      | Reached XP level 8. HP: 79/79 MP: 7/7
  5099 | D:5      | Killed Menkaure
  5820 | D:6      | Identified the +6 falchion of Doom {flame, +Blink rPois
                  | rCorr MP-9}
  5926 | D:6      | Reached skill level 10 in Axes
  6118 | D:6      | Reached skill level 1 in Long Blades
  6294 | D:6      | Found a runed translucent door.
  6644 | D:6      | Reached XP level 9. HP: 52/85 MP: 0/8
  6857 | D:6      | Reached skill level 5 in Long Blades
  7924 | D:7      | Noticed Harold
  8268 | D:3      | Bought 2 potions of invisibility for 176 gold pieces
  8268 | D:3      | Bought a potion of invisibility for 88 gold pieces
  8268 | D:3      | Bought a potion of might for 44 gold pieces
  8268 | D:3      | Bought a potion of might for 44 gold pieces
  8384 | D:7      | Killed Harold
  8385 | D:7      | Reached skill level 10 in Long Blades
  8385 | D:7      | Reached skill level 5 in Armour
  8385 | D:7      | Reached XP level 10. HP: 69/93 MP: 0/9
  8753 | D:8      | Noticed Pikel
  8756 | D:8      | Paralysed by Pikel for 4 turns
  8764 | D:8      | Killed Pikel
  8965 | D:8      | Noticed Gastronok
  8979 | D:8      | Killed Gastronok
  8980 | D:8      | Reached skill level 10 in Armour
  9577 | D:8      | Found a burning altar of Makhleb.
  9577 | D:8      | Found a radiant altar of Vehumet.
  9791 | D:8      | Found a bloodstained altar of Trog.
 10008 | D:9      | Noticed an elephant
 10037 | D:9      | Killed an elephant
 10038 | D:9      | Reached XP level 11. HP: 88/99 MP: 1/10
 10135 | D:9      | Found a staircase to the Lair.
 11034 | Lair:1   | Entered Level 1 of the Lair of Beasts
 11807 | Lair:1   | Reached skill level 5 in Shields
 11902 | Lair:1   | Reached skill level 6 in Shields
 11926 | Lair:1   | Reached skill level 7 in Shields
 12338 | Lair:1   | Reached skill level 8 in Shields
 12428 | Lair:1   | Reached skill level 9 in Shields
 12604 | Lair:1   | Noticed an eight-headed hydra
 12611 | Lair:1   | Killed a two-headed hydra
 12612 | Lair:1   | Reached XP level 12. HP: 78/106 MP: 2/11
 12823 | Lair:1   | You are sucked into a shaft and drop 1 floor!
 12823 | Lair:2   | Noticed Erica
 12828 | Lair:2   | Noticed a four-headed hydra
 12837 | Lair:2   | Killed a one-headed hydra
 12838 | Lair:2   | Reached skill level 10 in Shields
 12971 | Lair:2   | Found a hole to the Spider Nest.
 13119 | Lair:2   | Noticed a five-headed hydra
 13577 | Lair:1   | Reached skill level 11 in Shields
 13936 | Lair:2   | Killed a one-headed hydra
 13982 | Lair:2   | Killed Erica
 13983 | Lair:2   | Reached skill level 12 in Shields
 14650 | Lair:2   | Reached skill level 13 in Shields
 15652 | Lair:3   | Reached skill level 14 in Shields
 16427 | Lair:4   | Reached XP level 13. HP: 113/113 MP: 3/12
 16437 | Lair:4   | Reached skill level 15 in Shields
 16447 | Lair:4   | Reached skill level 1 in Evocations
 17388 | Lair:4   | Found a staircase to the Shoals.
 17805 | Lair:4   | Reached skill level 5 in Evocations
 18413 | Lair:4   | Bought a pair of glowing boots for 157 gold pieces
 18413 | Lair:4   | Bought a glowing plate armour for 546 gold pieces
 18435 | Lair:4   | Acquired the amulet of Xom's Malicious Joy {Reflect Str+3
                  | SH+5 Stlth+}
 18565 | D:10     | Entered Level 10 of the Dungeon
 18952 | D:10     | Noticed a tengu reaver
 18952 | D:10     | Noticed a fire dragon
 18953 | D:10     | Found a runed translucent door.
 18955 | D:10     | Noticed a fire dragon
 19319 | D:11     | Found a staircase to the Orcish Mines.
 19962 | D:11     | Noticed a stone giant
 20009 | D:11     | Killed a stone giant
 20185 | D:11     | Found Rietsaurgh's Distillery.
 20189 | D:11     | Bought a potion of might for 48 gold pieces
 20189 | D:11     | Bought a potion of invisibility for 96 gold pieces
 20189 | D:11     | Bought 3 potions of ambrosia for 288 gold pieces
 20189 | D:11     | Bought a potion of heal wounds for 60 gold pieces
 20189 | D:11     | Bought a potion of berserk rage for 60 gold pieces
 20270 | D:11     | Noticed Sonja
 20293 | D:11     | Killed Sonja
 20956 | Orc:1    | Entered Level 1 of the Orcish Mines
 21045 | Orc:1    | Found a runed translucent door.
 21045 | Orc:1    | Found a shimmering altar of Xom.
 21045 | Orc:1    | Noticed Papr's ghost (journeyman PaFi)
 21168 | Orc:1    | Found Motes's Weapon Emporium.
 21400 | Orc:2    | Entered Level 2 of the Orcish Mines
 21400 | Orc:2    | Found a staircase to the Elven Halls.
 21407 | Orc:2    | Noticed Rupert
 21440 | Orc:2    | Slain by Rupert

Illustrated notes

Levels and vault maps discovered:
D:1:      psy_arrival_dodecagon, layout_basic, serial_shops, shop
D:2:      layout_rooms, ebering_ecumenical_altar_petrified, uniq_natasha
D:3:      layout_basic, chequers_temple_overflow_statue_of_worship,
          serial_shops, shop
D:4:      layout_cave_pods, lemuel_doored_altar, minmay_temple_entry_butterflies
D:5:      layout_basic, nicolae_wu_jian_wuxing_cycle, hex_intersection,
          uniq_menkaure
D:6:      layout_basic, lightli_church_of_beogh
D:7:      layout_loops_ring, minivault_19, uniq_harold
D:8:      layout_loops_cross, grunt_temple_overflow_lords_of_destruction,
          trog_butcher_becter, roderic_lattice_a, minmay_joined_circles,
          uniq_pikel, uniq_gastronok
D:9:      layout_irregular_city, david_lair_generic
D:10:     minmay_gate_of_8, layout_irregular_city
D:11:     layout_basic, david_orc_3, serial_shops, shop,
          kennysheep_just_a_vault, uniq_sonja
Temple:   nicolae_temple_figure_eight
Lair:1:   layout_small_grid, grunt_megastairs_1
Lair:2:   layout_hall_layers, nicolae_spider_entry_orb_guardian,
          grunt_megastairs_3, uniq_erica
Lair:3:   layout_cellular_growth
Lair:4:   layout_regular_city, minmay_shoals_entry_hut, lemuel_fruit_tree
Orc:1:    layout_caves, ebering_ghost_xom, serial_shops, shop
Orc:2:    st_orc_pillars, layout_caves, rock_pile, uniq_urug, uniq_rupert

Skill      XL: |  1  2  3  4  5  6  7  8  9 10 11 12 13 |
---------------+----------------------------------------+-----
Armour         | 4 5 11 13 | 13.9
Shields        | 4 9 14 15 | 15.0
Fighting       | 4 5 6 7 9 10 | 10.0
Axes           | 5 10 | 10.1
Long Blades    | 2 10 12 | 12.3
Evocations     | 6 |  6.0

Action                   |  1- 3 |  4- 6 |  7- 9 | 10-12 | 13-15 || total
-------------------------+-------+-------+-------+-------+-------++-------
Melee: War axe           |    89 |    64 |   170 |       |       ||   323
       Headbutt          |     8 |    12 |    68 |   170 |   128 ||   386
       Falchion          |       |       |   106 |   604 |   428 ||  1138
Invok: Call Merchant     |       |       |       |       |     1 ||     1
Evoke: Wand              |       |       |     2 |     1 |       ||     3
  Use: Scroll            |       |     9 |     7 |     9 |     3 ||    28
       Potion            |       |     4 |     3 |       |       ||     7
 Stab: Distracted        |       |       |     2 |     3 |       ||     5
Armor: Scale mail        |    49 |    16 |    91 |    73 |       ||   229
       Plate armour      |       |       |       |   209 |   122 ||   331
Dodge: Dodged            |    38 |    16 |    61 |   145 |    62 ||   322
Block: Kite shield       |    56 |    27 |   114 |   342 |   265 ||   804
       Reflection        |       |       |       |     1 |    14 ||    15
       Rpst.: Falchion   |       |       |     8 |    44 |    18 ||    70

Table legend: (Time is in decaauts)
 A = Elapsed time spent in this place.
 B = Non-inter-level travel time spent in this place.
 C = Inter-level travel time spent in this place.
 D = Time resting spent in this place.
 E = Time spent auto-exploring this place.
 F = Levels seen in this place.
 G = Mean time per level.
                   A        B        C        D        E       F      G
               +--------+--------+--------+--------+--------+-----+--------+
         Total |  21478 |  20472 |   1006 |   4230 |  13335 |  18 | 1193.2 |
       Dungeon |  13770 |  13126 |    644 |   3028 |   8234 |  11 | 1251.8 |
        Temple |    288 |    209 |     79 |      0 |    207 |   1 |  288.0 |
          Lair |   6951 |   6696 |    255 |   1202 |   4507 |   4 | 1737.8 |
  Orcish Mines |    467 |    441 |     26 |      0 |    386 |   2 |  233.5 |
               +--------+--------+--------+--------+--------+-----+--------+

Top non-repeatable levels by time:
  Lair:1: 2119 daAuts
     D:6: 1847 daAuts
  Lair:4: 1780 daAuts
  Lair:2: 1758 daAuts
    D:11: 1623 daAuts
     D:5: 1535 daAuts
     D:9: 1510 daAuts
     D:4: 1446 daAuts
     D:7: 1364 daAuts
  Lair:3: 1292 daAuts
     D:8: 1289 daAuts
     D:2: 1042 daAuts
     D:3: 737 daAuts
    D:10: 728 daAuts
     D:1: 645 daAuts
